 Dungeon Crawl Stone Soup version 0.31-a0-208-gdb31a4691d (webtiles) character file.

Game seed: 12908947350123319504

277 senseless the Ducker (level 6, -7/42 HPs)
             Began as an Octopode Gladiator on June 28, 2023.
             Was an Initiate of Dithmenos.
             Killed by nerve-wracking pain
             ... invoked by Grinder
              (10 damage)
             ... on level 4 of the Dungeon.
             The game lasted 00:05:55 (2869 turns).

senseless the Ducker (Octopode Gladiator)           Turns: 2869, Time: 00:05:55

Health: -7/42      AC:  1    Str: 17    XL:     6   Next: 25%
Magic:  5/5        EV: 14    Int:  9    God:    Dithmenos [......]
Gold:   191        SH:  0    Dex: 15    Spells: 5/5 levels left

rFire   . . .        a - +1 long sword
rCold   . . .        (no shield)
rNeg    . . .        b - +0 hat
rPois   .            (no amulet)
rElec   .            (no ring)
rCorr   .            (no ring)
SInv    .            (no ring)
Will    .....        (no ring)
Stlth   ++++         (no ring)
HPRegen 0.27/turn    (no ring)
MPRegen 0.09/turn    (no ring)
                     (no ring)

%: no passive effects
@: unable to drink
A: almost no armour, amphibious, 8 rings, camouflage 1, gelatinous body 1,
(nimble swimmer 1), tentacles, low MP 1, strong 1, inability to drink after
injury 1
a: Renounce Religion


You were on level 4 of the Dungeon.
You worshipped Dithmenos.
Dithmenos was noncommittal.
You visited 2 branches of the dungeon, and saw 5 of its levels.

You collected 191 gold pieces.

Inventory:

Hand Weapons
 a - a +1 long sword (weapon)
 j - a +2 dagger of holy wrath
 l - a +2 spear of freezing
Missiles
 c - 4 throwing nets (quivered)
 d - a javelin
Armour
 b - a +0 hat (worn)
Wands
 h - a wand of acid (12)
Scrolls
 e - a scroll of fear {unknown}
Potions
 f - a potion of enlightenment
 g - a potion of lignification
 i - 2 potions of magic
 k - 2 potions of curing


   Skills:
 + Level 3.5 Fighting
 + Level 4.2 Long Blades
 - Level 2.0 Throwing
 + Level 4.2 Dodging
 + Level 4.0 Stealth


You had 5 spell levels left.
You didn't know any spells.
Your spell library contained the following spells:

 Spells                   Type           Power      Damage    Failure   Level
 Kiss of Death            Conj/Necr      0%         2d5       38%         1
 Confusing Touch          Hex            0%         N/A       77%         3
 Dispel Undead            Necr           0%         3d6       99%         4


Dungeon Overview and Level Annotations

Branches:
Dungeon (4/15)             Temple (1/1) D:4

Altars:
Ashenzari
Dithmenos
Fedhas
Hepliaklqana
Makhleb
Nemelex Xobeh
Qazlal
Ru
Sif Muna
Trog
Uskayaw
Wu Jian
Xom
Zin
The Shining One

Shops:
D:1 [[:?

Annotations:
D:4 Grinder


Innate Abilities, Weirdness & Mutations

You cannot wear most types of armour.
You are amphibious.
You can wear up to eight rings at the same time.
Your skin changes colour to match your surroundings (Stealth+).
Your rubbery body absorbs attacks. (AC +1, EV +1)
((You are camouflaged when in or above water. (Stealth+)))
You have tentacles for arms and can constrict up to eight enemies at once.
Your magical capacity is low. (-10% MP)
Your muscles are strong. (Str +4, Int/Dex -1)
You occasionally lose the ability to drink potions when taking damage.


Message History

No target in view!
No target in view!
No target in view!
No target in view!
You open the door. You open the door.
There is an open door here.
Found a stone staircase leading up.
Found a whip.
Grinder comes into view.
The helpless Grinder fails to defend herself.
You hit Grinder but do no damage. Your grab misses Grinder. Grinder hits you.
You writhe in agony.
You closely miss Grinder. Your grab misses Grinder. You tentacle-slap Grinder.
Your squeeze misses Grinder.
Grinder is lightly wounded.
Grinder gestures at you. You resist with significant effort.
You hit Grinder. You grab Grinder. You squeeze Grinder.
Grinder is moderately wounded.
You constrict Grinder, but do no damage.
Grinder gestures at you.
You suddenly lose the ability to move!
You lose your grip on Grinder.
Grinder gestures at you. Pain shoots through your body!
Grinder says, "My boss said I was rubbish.
His entrails said otherwise."
Grinder gestures at you. Pain shoots through your body!
You feel threatened and lose the ability to drink potions!
* * * LOW HITPOINT WARNING * * *
Grinder hits you.
* * * LOW HITPOINT WARNING * * *
You writhe in agony.
* * * LOW HITPOINT WARNING * * *
You can move again.
You slash Grinder! Your grab misses Grinder.
Grinder is heavily wounded.
Grinder gestures at you. Pain shoots through your body!
You die...

#.........###
#...#.
+.........'.# #.
......
#.........### ...
...#.
##.......######.##
######....
##.....## #....).
.......... ##...##
#.<.. #...... ##'##
#... # #.##..# #.#
#.######..###.##...
#.#
#.@5...............
##.##
#.#######.###<#.#.#
##...## #.# #.#.#.#
##.....# #.#
#.#.#.# .#.....##
#.# #......
.......########.#
###.#.#
##..............#
#.#####.#..
##...###########
#.........# #####
#######....


You could see Grinder.

Vanquished Creatures
  A hound (D:4)
  An iguana (D:4)
  Robin (D:4)
  3 gnolls (D:2)
  8 adders
  5 worms
  12 orcs
  4 bats
  4 endoplasms
  A giant cockroach (D:2)
  11 goblins
  7 hobgoblins
  2 jackals (D:1)
  2 quokkas
  7 ball pythons
  6 frilled lizards
  5 kobolds
  6 rats
86 creatures vanquished.

Notes
Turn   | Place    | Note
-------+----------+-------------------------------------------
     0 | D:1      | senseless the Octopode Gladiator began the quest for the
                  | Orb.
     0 | D:1      | Reached XP level 1. HP: 14/14 MP: 1/1
    27 | D:1      | Found Taal's Book Shop.
    60 | D:1      | Found Zuluoxet's Magic Scroll Boutique.
   151 | D:1      | Reached XP level 2. HP: 14/19 MP: 2/2
   211 | D:1      | Reached skill level 1 in Stealth
   392 | D:1      | Found Georeko's Armour Emporium.
   405 | D:1      | Found Zenaope's Antique Armour Shop.
   556 | D:1      | Gained mutation: Your muscles are strong. (Str +4, Int/Dex
                  | -1) [potion of mutation]
   556 | D:1      | Gained mutation: Your magical capacity is low. (-10% MP)
                  | [potion of mutation]
   556 | D:1      | Gained mutation: You occasionally lose the ability to drink
                  | potions when taking damage. [potion of mutation]
   563 | D:2      | Reached XP level 3. HP: 25/25 MP: 2/2
   602 | D:2      | Reached XP level 4. HP: 4/30 MP: 3/3
  1148 | D:2      | Identified the +2 ring mail of Virtue {rN+ Str-5 Dex+4}
  1156 | D:2      | Reached XP level 5. HP: 36/36 MP: 4/4
  2430 | D:4      | Reached XP level 6. HP: 35/42 MP: 5/5
  2462 | D:4      | Found a staircase to the Ecumenical Temple.
  2528 | Temple   | Entered the Ecumenical Temple
  2602 | Temple   | Became a worshipper of Dithmenos the Shadowed
  2624 | D:4      | Noticed Robin
  2633 | D:4      | Killed Robin
  2862 | D:4      | Noticed Grinder
  2866 | D:4      | Paralysed by Grinder for 3 turns
  2868 | D:4      | HP: 2/42 [Grinder (5)]
  2869 | D:4      | Killed from afar by Grinder

Illustrated notes

Levels and vault maps discovered:
D:1:      roderic_chinese_lattice_arrival, layout_rooms, serial_shops,
          nicolae_shop_just_a_little_nook, shop, shop, shop
D:2:      layout_basic, serial_bayou_pond_a, minmay_misc_feat_plants,
          nicolae_grassy_gnolls
D:3:      layout_basic, grunt_ministairs_13, solitary_fountain,
          corexii_item_surrounded_by_moat
D:4:      layout_loops_corners, nicolae_gozag_cash_rules_everything_around_me,
          vehumet_statue, temple_pool_b, uniq_ijyb, uniq_robin, uniq_grinder
Temple:   hellmonk_temple_two_chambers

Skill      XL: |  1  2  3  4  5  6 |
---------------+-------------------+-----
Stealth        | 1 2 3 4 |  4.0
Fighting       | 3 |  3.5
Long Blades    | 4 |  4.2
Dodging        | 4 |  4.2
Throwing       | |  2.0

Action                     |  1- 3 |  4- 6 || total
---------------------------+-------+-------++-------
  Melee: Long sword        |    38 |   123 ||   161
         Constrict         |    13 |    39 ||    52
         Tentacles         |     7 |    27 ||    34
         Punch             |       |     2 ||     2
    Use: Scroll            |     3 |     5 ||     8
         Potion            |     1 |       ||     1
   Stab: Sleeping          |     7 |    12 ||    19
 Armour: Skin              |     4 |     9 ||    13
  Dodge: Dodged            |    33 |    78 ||   111

Table legend: (Time is in decaauts)
 A = Elapsed time spent in this place.
 B = Non-inter-level travel time spent in this place.
 C = Inter-level travel time spent in this place.
 D = Time resting spent in this place.
 E = Time spent auto-exploring this place.
 F = Levels seen in this place.
 G = Mean time per level.
                   A        B        C        D        E       F      G
               +--------+--------+--------+--------+--------+-----+--------+
         Total |   2903 |   2810 |     93 |     12 |   2258 |   5 |  580.6 |
       Dungeon |   2822 |   2734 |     88 |     12 |   2199 |   4 |  705.5 |
        Temple |     80 |     75 |      5 |      0 |     59 |   1 |   80.0 |
               +--------+--------+--------+--------+--------+-----+--------+

Top non-repeatable levels by time:
     D:3: 904 daAuts
     D:2: 872 daAuts
     D:1: 564 daAuts
     D:4: 480 daAuts
  Temple: 80 daAuts
